AoeStats
← Dragon

Arena

509197981Analyzed
3v3 RM · 6d ago on Sep 25, 2026· 51m 30s· 6 players
Game mode
Random Map
Map size
Normal (6 player)
Population
200
Speed
Normal
Resources
Standard
Victory
Conquest
Starting age
Dark Age
Ending age
Imperial Age
RankedLock teamsTeams togetherTeam positionsShared explorationLock speedFull tech treeHidden civsTurbo modeCheats
Victory
Defeat
🇩🇪 Cumans · Germany
1279
+13
🇩🇪 Danes · Germany
1271
+13
🇩🇪 Byzantines · Germany
1243
+15
🇮🇹 Franks · Italy
1256
-15
🇵🇪 Bulgarians · Peru
1225
-14
🇧🇷 Khmer · Brazil
1166
-12
Execute290
7:13 Loom
11:14 Feudal Age
15:31 Castle Age
15:33 Light Cavalry
24:14 Double-Bit Axe
huliqi91
10:18 Feudal Age
14:20 Castle Age
12:12 Double-Bit Axe
16:33 Bow Saw
19:58 Scale Barding Armor
21:59 Wheelbarrow
29:02 Imperial Age
28:39 Hand Cart
28:11 Loom
29:20 Husbandry
29:45 Chain Barding Armor
29:24 Stone Mining
29:24 Gold Mining
31:10 Plate Barding Armor
29:58 Cavalier
30:56 Forging
31:55 Chivalry
32:16 Conscription
32:09 Scale Mail Armor
32:48 Iron Casting
32:10 Paladin
33:53 Chemistry
33:12 Squires
32:58 Arson
33:30 Chain Mail Armor
36:33 Plate Mail Armor
37:04 Blast Furnace
37:12 Gold Shaft Mining
37:36 Town Watch
40:09 Fletching
41:03 Elite Throwing Axeman
44:03 Ballistics
43:49 Siege Engineers
43:40 Murder Holes
Pygero
10:29 Feudal Age
13:23 Castle Age
11:32 Double-Bit Axe
12:32 Horse Collar
15:37 Loom
20:30 Wheelbarrow
22:41 Town Watch
23:28 Hand Cart
23:21 Husbandry
23:32 Bloodlines
23:44 Bow Saw
23:39 Gold Mining
23:44 Stone Mining
25:21 Gold Shaft Mining
26:46 Scale Barding Armor
26:52 Forging
29:42 Imperial Age
29:05 Stone Shaft Mining
31:09 Conscription
30:42 Elite Battle Elephant
31:31 Double Crossbow
34:17 Padded Archer Armor
34:07 Fletching
34:23 Scale Barding Armor
34:29 Forging
35:13 Tusk Swords
34:56 Heavy Scorpion
41:21 Bodkin Arrow
41:41 Leather Archer Armor
43:56 Ballistics
46:03 Light Cavalry
46:06 Pikeman
47:30 Coinage
46:46 Halberdier
49:08 Chemistry
48:20 Masonry
48:18 Siege Engineers
51:53 Ring Archer Armor
51:24 Bracer
51:24 Scale Mail Armor
Dragon
3:36 Loom
11:57 Feudal Age
18:08 Castle Age
19:23 Capped Ram
22:26 Double-Bit Axe
23:53 Wheelbarrow
23:01 Horse Collar
23:59 Bow Saw
34:46 Imperial Age
35:50 Scale Mail Armor
36:00 Forging
36:17 Squires
35:37 Pikeman
36:38 Halberdier
37:15 Siege Ram
38:43 Chain Mail Armor
39:04 Iron Casting
39:58 Plate Mail Armor
40:54 Conscription
40:41 Steppe Husbandry
43:04 Light Cavalry
43:55 Bloodlines
43:42 Hussar
44:31 Scale Barding Armor
45:26 Blast Furnace
45:43 Chain Barding Armor
46:26 Heavy Plow
46:43 Hand Cart
49:10 Plate Barding Armor
50:31 Elite Steppe Lancer
siggi-lok
11:35 Feudal Age
15:09 Castle Age
12:55 Horse Collar
13:12 Double-Bit Axe
25:51 Imperial Age
24:32 Scale Barding Armor
24:38 Forging
24:33 Scale Mail Armor
24:39 Fletching
24:50 Padded Archer Armor
24:39 Loom
25:27 Heavy Plow
27:10 Chain Barding Armor
28:10 Husbandry
29:02 Conscription
29:52 Iron Casting
30:46 Plate Barding Armor
30:38 Elite Skirmisher
32:49 Wheelbarrow
31:46 Heavy Camel Rider
33:10 Thumb Ring
34:10 Hand Cart
34:39 Bodkin Arrow
35:01 Leather Archer Armor
34:15 Pikeman
36:47 Bracer
38:15 Scale Mail Armor
42:11 Logistica
41:41 Elite Cataphract
43:57 Hoardings
43:38 Fortified Wall
43:49 Ballistics
44:30 Chemistry
43:26 Murder Holes
43:11 Treadmill Crane
46:07 Scale Mail Armor
46:46 Ring Archer Armor
48:01 Scale Mail Armor
48:23 Bombard Tower
48:25 Logistica
49:16 Gold Mining
49:17 Stone Mining
Who am I
10:16 Feudal Age
10:37 Man-at-Arms
11:03 Arson
12:28 Scale Mail Armor
12:39 Forging
14:27 Double-Bit Axe
17:51 Horse Collar
19:48 Wheelbarrow
22:41 Castle Age
20:57 Gold Mining
22:54 Stone Mining
24:01 Bow Saw
24:22 Chain Mail Armor
24:42 Iron Casting
23:56 Gambesons
24:13 Squires
24:30 Long Swordsman
27:57 Loom
28:50 Heavy Plow
29:08 Hand Cart
28:48 Fletching
29:20 Hamask
37:30 Imperial Age
35:46 Gold Shaft Mining
35:47 Stone Shaft Mining
35:33 Bodkin Arrow
36:09 Pikeman
38:33 Conscription
37:33 Elite Jomsviking
38:16 Halberdier
39:22 Town Watch
39:18 Onager
40:55 Plate Mail Armor
44:05 Siege Engineers
46:09 Blast Furnace
47:02 Siege Onager
49:18 Bracer
Connection lost

Rejoining the realm…

Still unreachable

The connection could not be restored.

Session expired

The server has moved on; the page needs a fresh start.